AoeStats
← vvc0

Black Forest

507757806Analyzed
4v4 RM · 11d ago on Sep 19, 2026· 46m 17s· 8 players
Game mode
Random Map
Map size
Large (8 player)
Population
200
Speed
Normal
Resources
Standard
Victory
Conquest
Starting age
Dark Age
Ending age
Imperial Age
RankedLock teamsTeams togetherTeam positionsShared explorationLock speedFull tech treeHidden civsTurbo modeCheats
Victory
Defeat
🇲🇾 Slavs · Malaysia
909
+17
🇺🇸 Spanish · United States
894
+17
🇨🇱 Franks · Chile
891
+18
🇨🇿 Britons · Czechia
874
+18
🇭🇰 Britons · Hong Kong SAR China
1038
-22
🇭🇰 Italians · Hong Kong SAR China
936
-49
🇭🇰 Persians · Hong Kong SAR China
890
-16
🇭🇰 Japanese · Hong Kong SAR China
832
-34
TheDrunkenKoala
1:18 Loom
16:26 Feudal Age
16:49 Horse Collar
16:57 Double-Bit Axe
23:14 Castle Age
21:40 Stone Mining
22:24 Scale Barding Armor
23:59 Heavy Plow
24:38 Bow Saw
25:39 Wheelbarrow
28:59 Chain Barding Armor
31:57 Fletching
32:08 Scale Mail Armor
32:09 Padded Archer Armor
32:20 Forging
33:16 Stone Shaft Mining
33:57 Hand Cart
34:40 Gold Mining
40:12 Imperial Age
38:45 Husbandry
38:56 Bloodlines
40:55 Capped Ram
40:56 Onager
41:00 Cavalier
43:06 Leather Archer Armor
42:47 Bodkin Arrow
43:27 Iron Casting
43:08 Chain Mail Armor
43:28 Plate Barding Armor
44:00 Two-Man Saw
45:23 Light Cavalry
46:41 Caravan
SSC LyonM
12:32 Feudal Age
11:57 Loom
13:54 Arson
14:29 Double-Bit Axe
14:36 Man-at-Arms
23:31 Castle Age
24:21 Wheelbarrow
23:32 Town Watch
24:38 Bow Saw
29:43 Husbandry
29:52 Scale Barding Armor
29:58 Forging
32:52 Hand Cart
32:39 Town Patrol
35:29 Iron Casting
35:33 Chain Barding Armor
40:40 Imperial Age
39:02 Coinage
38:32 Caravan
41:52 Cavalier
44:00 Gold Mining
43:37 Paladin
46:40 Plate Barding Armor
47:10 Blast Furnace
46:12 Scale Mail Armor
46:52 Gold Shaft Mining
diabolo-yueh
0:29 Loom
13:30 Feudal Age
19:03 Castle Age
16:58 Double-Bit Axe
17:10 Horse Collar
20:28 Bow Saw
26:01 Heavy Plow
26:23 Stone Mining
26:23 Gold Mining
29:33 Gold Mining
31:07 Wheelbarrow
33:54 Imperial Age
32:34 Hand Cart
32:23 Caravan
33:27 Detinets
33:49 Forging
33:46 Scale Barding Armor
34:58 Conscription
35:46 Two-Man Saw
34:51 Elite Boyar
36:18 Gold Shaft Mining
37:05 Chain Barding Armor
37:20 Iron Casting
37:56 Fortified Wall
38:48 Chemistry
38:33 Druzhina
40:09 Hoardings
40:40 Plate Barding Armor
41:05 Blast Furnace
43:49 Coinage
45:36 Banking
Flachyc
11:17 Feudal Age
11:46 Double-Bit Axe
14:10 Horse Collar
21:22 Castle Age
20:17 Gold Mining
20:17 Stone Mining
20:21 Fletching
20:32 Padded Archer Armor
20:33 Scale Mail Armor
22:32 Wheelbarrow
22:41 Bow Saw
28:27 Leather Archer Armor
28:07 Bodkin Arrow
28:25 Forging
28:30 Chain Mail Armor
34:19 Imperial Age
32:55 Iron Casting
32:43 Hand Cart
34:33 Elite Longbowman
35:34 Conscription
35:48 Ring Archer Armor
35:19 Bracer
36:26 Chemistry
35:59 Fortified Wall
36:10 Ballistics
36:42 Plate Mail Armor
37:21 Blast Furnace
37:42 Gold Shaft Mining
38:45 Two-Man Saw
40:18 Yeomen
raincc11
10:04 Loom
13:42 Feudal Age
19:06 Castle Age
18:55 Double-Bit Axe
19:02 Horse Collar
21:56 Bow Saw
21:45 Gold Mining
21:54 Stone Mining
27:07 Fletching
27:05 Town Watch
26:57 Elite Skirmisher
29:00 Wheelbarrow
29:56 Heavy Plow
30:03 Murder Holes
31:57 Ballistics
35:53 Imperial Age
34:19 Hand Cart
34:10 Padded Archer Armor
34:41 Bodkin Arrow
35:09 Forging
35:05 Scale Barding Armor
35:43 Treadmill Crane
36:49 Bracer
37:05 Leather Archer Armor
37:26 Iron Casting
37:56 Chemistry
36:20 Elite Genoese Crossbowman
37:51 Town Patrol
39:51 Stone Shaft Mining
40:22 Two-Man Saw
39:37 Masonry
39:52 Conscription
42:24 Thumb Ring
AA
0:30 Loom
13:38 Feudal Age
17:53 Castle Age
17:03 Double-Bit Axe
24:57 Fletching
29:03 Wheelbarrow
29:18 Padded Archer Armor
30:02 Horse Collar
32:38 Town Watch
33:11 Hand Cart
36:50 Imperial Age
38:36 Conscription
37:42 Elite Longbowman
38:31 Bodkin Arrow
40:43 Bracer
40:58 Leather Archer Armor
43:50 Town Watch
44:32 Light Cavalry
michaelboy
0:59 Loom
13:33 Feudal Age
14:54 Wheelbarrow
14:08 Double-Bit Axe
14:06 Horse Collar
16:50 Gold Mining
17:07 Scale Mail Armor
20:56 Castle Age
19:51 Forging
22:15 Hand Cart
22:28 Hand Cart
22:52 Bow Saw
22:44 Heavy Plow
23:44 Stone Mining
23:31 Elite Skirmisher
24:18 Pikeman
26:20 Chain Mail Armor
30:57 Gold Shaft Mining
31:20 Gold Shaft Mining
30:32 Fishing Lines
32:06 Caravan
32:47 Iron Casting
32:16 Gillnets
32:57 Padded Archer Armor
33:29 Gambesons
34:46 Yasama
40:41 Imperial Age
41:58 Plate Mail Armor
42:30 Blast Furnace
42:10 Conscription
42:27 Halberdier
43:09 Squires
45:10 Elite Samurai
vvc0
9:28 Loom
14:15 Feudal Age
14:38 Horse Collar
14:45 Double-Bit Axe
16:37 Wheelbarrow
23:47 Castle Age
21:34 Town Watch
24:01 Light Cavalry
24:51 Bloodlines
24:42 Husbandry
25:01 Forging
24:51 Scale Mail Armor
24:56 Scale Barding Armor
32:59 Scale Barding Armor
32:54 Scale Mail Armor
33:29 Iron Casting
33:36 Bow Saw
33:31 Heavy Plow
34:33 Gold Mining
34:33 Stone Mining
38:07 Gold Shaft Mining
37:22 Stone Mining
37:51 Hand Cart
37:38 Town Patrol
38:00 Kamandaran
38:44 Fletching
38:54 Padded Archer Armor
42:35 Crossbowman
42:35 Elite Skirmisher
43:25 Thumb Ring
Connection lost

Rejoining the realm…

Still unreachable

The connection could not be restored.

Session expired

The server has moved on; the page needs a fresh start.